 Dungeon Crawl Stone Soup version 0.25.0-11-g1f837a76a1 (webtiles) character file.

Game seed: 10502771329729207093

286 protoss039 the Digger (level 6, -10/32 HPs)
             Began as a Deep Elf Earth Elementalist on June 28, 2020.
             Mangled by a wraith (12 damage)
             ... in an ossuary.
             The game lasted 00:15:49 (5050 turns).

protoss039 the Digger (Deep Elf Earth Elementalist) Turns: 5050, Time: 00:15:49

Health: -10/32     AC:  4    Str:  3 (5)  XL:     6   Next: 8%
Magic:  5/16       EV: 13    Int: 22      God:
Gold:   149        SH:  0    Dex: 14 (15) Spells: 10/16 levels left

rFire    . . .     SeeInvis .   n - +0 short sword
rCold    . . .     Gourm    .   (no shield)
rNeg     . . .     Faith    .   c - +0 robe
rPois    .         Spirit   .   k - +0 helmet
rElec    .         Reflect  .   m - +0 cloak
rCorr    .         Harm     .   (no gloves)
MR       .....                  (no boots)
Stlth    ++........             l - amulet of regeneration
HPRegen  0.50/turn              (no ring)
MPRegen  0.15/turn              (no ring)

@: slowed, very slow
A: no striking features
a: no special abilities


You were in an ossuary.
You were very hungry.

You visited 1 branch of the dungeon, and saw 4 of its levels.
You also visited: Ossuary.

You collected 149 gold pieces.

Inventory:

Hand Weapons
 n - a +0 short sword (weapon)
Missiles
 b - 16 stones (quivered)
Armour
 c - a +0 robe (worn)
 k - a +0 helmet (worn)
 m - a +0 cloak (worn)
Jewellery
 l - an amulet of regeneration (around neck)
Scrolls
 a - 2 scrolls of blinking {unknown}
 e - 4 scrolls of teleportation {unknown}
 f - 2 scrolls of magic mapping {unknown}
 g - 2 scrolls of remove curse {unknown}
 i - 6 scrolls of identify {unknown}
 j - 2 scrolls of amnesia {unknown}
 q - a scroll of enchant armour {unknown}
Potions
 p - 2 potions of might {unknown}
 r - a potion of flight
Comestibles
 d - 8 rations


   Skills:
 - Level 0.1 Short Blades
 - Level 2.4 Dodging
 - Level 2.4 Stealth
 + Level 5.7 Spellcasting
 + Level 1.5 Conjurations
 + Level 1.1 Transmutations
 * Level 5.9 Earth Magic


You had 10 spell levels left.
You knew the following spells:

 Your Spells              Type           Power        Failure   Level  Hunger
a - Sandblast             Erth           ####..       1%          1    None
b - Passwall              Tmut/Erth      ###.....     3%          2    None
c - Stone Arrow           Conj/Erth      ###...       6%          3    ##.....

Your spell library contained the following spells:

 Spells                   Type           Power        Failure   Level  Hunger
 Petrify                  Tmut/Erth      ###.....     22%         4    ####...
 Lee's Rapid Deconstruct  Erth           ####......   22%         5    #####..
 Confusing Touch          Hex            #.......     28%         3    ##.....
 Gell's Gravitas          Tloc           #.........   28%         3    ##.....
 Yara's Violent Unravell  Hex/Tmut       #.........   91%         5    #####..
 Metabolic Englaciation   Hex/Ice        #.........   95%         5    #####..


Dungeon Overview and Level Annotations

Branches:
Dungeon (4/15)            Ossuary (1/1)
 Temple: D:4-7

Altars:


Message History

Aiming: Sandblast (safe; 1% risk of failure)
Press: ? - help, Shift-Dir - straight line, f/p - wraith
Aim: a wraith (moderately damaged)
The blast of sand hits the wraith.
The wraith is moderately damaged.
b - 16 stones The wraith hits you! x2
* * * LOW HITPOINT WARNING * * *
The wraith drains your vigour!
You feel as though you will be slow longer.
Okay, then.
Casting: Sandblast (safe; 1% risk of failure)
Confirm with . or Enter, or press ? or * to list all spells.
Aiming: Stone Arrow (dangerous; 6% risk of failure)
Press: ? - help, Shift-Dir - straight line, f/p - wraith
Aim: a wraith (moderately damaged)
The stone arrow hits the wraith!
The wraith is heavily damaged.
The wraith hits you!
You die...

#'# #.# ###.###
#z▓.▓W# ###.###
#.#
#######'#######
#.............#
#@W##.###.##+.#
#.#.#.# #.# #.#
#.###.###.###.#
#.............#
#.............#
#.###.!!!.###.#
#.#z#./!?.#z#.#
#.###.??/.###.#
#.............#


You could see a wraith and a flying skull.

Vanquished Creatures
  2 orc priests
  A hound skeleton (D:4)
  Robin (D:2)
  3 gnolls (D:3)
  6 adders
  2 oozes
  4 worms
  A dart slug (D:3)
  5 leopard geckos
  6 orcs
  3 bats
  4 giant cockroaches
  16 goblins
  10 hobgoblins
  2 quokkas (D:3)
  3 ball pythons
  A ball python skeleton (Ossuary)
  4 frilled lizards
  2 hobgoblin zombies (Ossuary)
  6 kobolds
  5 kobold zombies (Ossuary)
  An orc zombie (Ossuary)
  A quokka skeleton (D:4)
  8 rats
97 creatures vanquished.

Vanquished Creatures (others)
  6 fungi (D:4)
  11 toadstools (D:4)
17 creatures vanquished.

Grand Total: 114 creatures vanquished

Notes
Turn   | Place    | Note
-------+----------+-------------------------------------------
     0 | D:1      | protoss039 the Deep Elf Earth Elementalist began the quest
                  | for the Orb.
     0 | D:1      | Reached XP level 1. HP: 10/10 MP: 6/6
   269 | D:1      | Reached XP level 2. HP: 15/15 MP: 6/8
  1527 | D:1      | Learned a level 2 spell: Passwall
  1540 | D:2      | Reached XP level 3. HP: 17/19 MP: 2/10
  1751 | D:2      | Learned a level 3 spell: Stone Arrow
  2094 | D:2      | Reached XP level 4. HP: 24/24 MP: 9/12
  2118 | D:2      | Noticed Robin
  2229 | D:2      | Killed Robin
  2548 | D:2      | Reached skill level 5 in Spellcasting
  3424 | D:3      | Reached skill level 5 in Earth Magic
  3505 | D:3      | Reached XP level 5. HP: 28/28 MP: 7/14
  3665 | D:3      | Reached skill level 1 in Conjurations
  4685 | D:4      | Reached XP level 6. HP: 24/32 MP: 0/16
  4722 | D:4      | Found a sand-covered staircase.
  4796 | Ossuary  | Entered an ossuary
  4989 | Ossuary  | Noticed a flying skull
  4989 | Ossuary  | Noticed a wraith
  5001 | Ossuary  | Noticed a flying skull
  5008 | Ossuary  | Noticed a flying skull
  5033 | Ossuary  | Noticed a flying skull
  5044 | Ossuary  | Noticed a wraith
  5049 | Ossuary  | HP: 1/32 [wraith (9)]
  5050 | Ossuary  | Mangled by a wraith

Illustrated notes

Levels and vault maps discovered:
D:1:      matt_arrival_diagonals, layout_loops_corners, chequers_avenue,
          chequers_hall_statues_corner_a
D:2:      layout_basic, uniq_robin
D:3:      layout_basic
D:4:      cheibrodos_fertilizer, layout_loops_ring, dancing_weapons_uskayaw,
          temple_fountains, enter_ossuary_3
Ossuary:  ossuary_due_cavern

Skill      XL: |  1  2  3  4  5 |
---------------+----------------+-----
Earth Magic    | 4 5 |  5.9
Spellcasting   | 4 5 |  5.7
Conjurations   | 1 |  1.5
Short Blades   | |  0.1
Dodging        | |  2.4
Stealth        | |  2.4
Transmutations | |  1.1

Action                   |  1- 3 |  4- 6 || total
-------------------------+-------+-------++-------
Melee: Unarmed           |     9 |       ||     9
       Short sword       |     7 |    40 ||    47
 Cast: Sandblast         |    60 |    41 ||   101
       Stone Arrow       |     3 |    51 ||    54
  Use: Potion            |       |     3 ||     3
 Stab: Sleeping          |     1 |       ||     1
  Eat: Chunk             |     4 |    10 ||    14
Armor: Robe              |     9 |    11 ||    20
Dodge: Dodged            |    26 |    53 ||    79
